 Dungeon Crawl Stone Soup version 0.18.1-8-gdd0e5ea (webtiles) character file.

270883 Quirk the Warrior (level 19, 0/159 HPs)
             Began as a Minotaur Fighter on May 27, 2016.
             Was the Champion of Okawaru.
             Killed by vampiric draining
             ... invoked by Jory
              (19 damage)
             ... on level 2 of the Vaults on May 28, 2016.
             The game lasted 02:26:26 (35490 turns).

Quirk the Warrior (Minotaur Fighter)               Turns: 35490, Time: 02:26:27

Health: 0/159      AC: 39    Str: 29    XL:     19   Next: 44%
Magic:  14/14      EV: 16    Int:  5    God:    Okawaru [******]
Gold:   3128       SH: 27    Dex: 22    Spells: 2 memorised, 16 levels left

rFire  + + .     SeeInvis +     H - +7 broad axe (elec)
rCold  + . .     Gourm    .     q - +4 crystal plate armour of the Hidden Suns {Dex+3}
rNeg   . . .     Faith    .     c - +2 large shield {AC+3}
rPois  +         Spirit   .     P - +0 hat of Debuf {+Blink rElec Str-3 Slay+4}
rElec  +         Dismiss  .     n - +1 cloak {rPois}
rCorr  .         Reflect  .     K - +2 pair of gloves of the Old World {Str+7 Slay+2}
SustAt .         Harm     .     t - +2 pair of boots of Hotuofy {Str+4 SInv}
MR     +....     Clarity  +     C - amulet of Moevvin {Regen+ Dex+2}
Stlth  ..........               N - ring of Noon {rPois rF+ AC+2 Int+2 Dex-2}
                                y - ring of Dishonesty {rF+ rC+ Dex+3}

@: somewhat resistant to hostile enchantments, extremely unstealthy
A: retaliatory headbutt, horns 2, large bone plates 1, clarity, deformed body,
dopey 1, frail 1, low mp 2, screaming 1, weak 1
a: Heroism, Finesse, Renounce Religion, Evoke Blink
}: 2/15 runes: decaying, gossamer


You were on level 2 of the Vaults.
You worshipped Okawaru.
Okawaru was exalted by your worship.
You were not hungry.

You visited 8 branches of the dungeon, and saw 40 of its levels.
You visited the Abyss 1 time.
You also visited: Sewer.

You collected 3342 gold pieces.
You spent 56 gold pieces at shops.

Inventory:

Hand Weapons
 H - a +7 broad axe of electrocution (weapon)
 R - the +4 long sword "String" {venom, rElec}
   (You found it on level 2 of the Spider Nest)

   It poisons the flesh of those it strikes.
   It insulates you from electricity.
 S - the +2 whip "Atzuapup" {slash, +Blink rN++ Int-2 Dex+8}
   (You found it on level 7 of the Lair of Beasts)

   It inflicts extra damage upon your enemies.
   It affects your intelligence (-2).
   It affects your dexterity (+8).
   It greatly protects you from negative energy.
   It lets you blink.
 T - the +4 rapier of Malaan {antimagic, rN+ MR+ Int+3}
   (Okawaru gifted it to you on level 1 of the Vaults)

   It disrupts the flow of magical energy around spellcasters and certain
   magical creatures (including the wielder).
   It affects your intelligence (+3).
   It protects you from negative energy.
   It affects your resistance to hostile enchantments.
 Z - the +8 dagger of Summer {flame, MP+9 Dex+4}
   (You found it on level 2 of the Lair of Beasts)

   It has been specially enchanted to burn those struck by it, causing extra
   injury to most foes and up to half again as much damage against particularly
   susceptible opponents.
   It affects your dexterity (+4).
   It affects your magic capacity (+9).
Armour
 c - a +2 large shield of protection (worn)
 n - a +1 cloak of poison resistance (worn)
 q - the +4 crystal plate armour of the Hidden Suns (worn) {Dex+3}
   (Okawaru gifted it to you on level 1 of the Swamp)

   It affects your dexterity (+3).
 t - the +2 pair of boots of Hotuofy (worn) {Str+4 SInv}
   (Okawaru gifted it to you on level 7 of the Lair of Beasts)

   It affects your strength (+4).
   It lets you see invisible.
 K - the +2 pair of gloves of the Old World (worn) {Str+7 Slay+2}
   (Okawaru gifted it to you on level 12 of the Dungeon)

   It affects your strength (+7).
   It affects your accuracy and damage with ranged weapons and melee attacks
   (+2).
 P - the +0 hat of Debuf (worn) {+Blink rElec Str-3 Slay+4}
   (You acquired it on level 3 of the Spider Nest)

   It affects your strength (-3).
   It affects your accuracy and damage with ranged weapons and melee attacks
   (+4).
   It insulates you from electricity.
   It lets you blink.
Jewellery
 u - an uncursed amulet of the gourmand
 w - an uncursed ring of flight
 y - the ring of Dishonesty (left hand) {rF+ rC+ Dex+3}
   (You found it on level 5 of the Dungeon)

   [ring of protection from fire]

   It affects your dexterity (+3).
   It protects you from fire.
   It protects you from cold.
 C - the amulet of Moevvin (around neck) {Regen+ Dex+2}
   (You found it on level 7 of the Dungeon)

   [amulet of regeneration]

   It affects your dexterity (+2).
   It increases your rate of regeneration.
 N - the ring of Noon (right hand) {rPois rF+ AC+2 Int+2 Dex-2}
   (You found it on level 8 of the Lair of Beasts)

   [ring of protection]

   It affects your AC (+2).
   It affects your intelligence (+2).
   It affects your dexterity (-2).
   It protects you from fire.
   It protects you from poison.
 U - an uncursed ring of resist corrosion
 X - an uncursed ring of protection from magic
Wands
 a - a wand of paralysis (8/24)
 g - a wand of lightning (12/15)
 s - a wand of teleportation (9/9)
 B - a wand of confusion (33/48)
 E - a wand of confusion (18/48)
 L - a wand of disintegration (0/24)
 Q - a wand of acid (15/15)
 W - a wand of iceblast (12/15)
Scrolls
 e - 8 scrolls of teleportation
 k - 7 scrolls of fog
 l - 16 scrolls of remove curse
 o - 9 scrolls of magic mapping
 D - 2 scrolls of blinking
 F - 3 scrolls of silence
Potions
 d - 9 potions of might
 i - 4 potions of heal wounds
 j - a potion of invisibility
 m - 16 potions of curing
 r - a potion of haste
 x - 3 potions of berserk rage
 A - 3 potions of lignification
 G - a potion of resistance
 I - a potion of cancellation
 M - 5 potions of agility
 Y - 3 potions of flight
Miscellaneous
 b - a disc of storms
 h - a plain deck of wonders {drawn: 2}
 J - an ornate deck of wonders {Focus}
 O - a plain deck of war {the Blade}
 V - a legendary deck of wonders {drawn: 1}
Comestibles
 f - 17 bread rations
 p - 12 meat rations
 v - 27 fruits


   Skills:
 + Level 17.4 Fighting
 + Level 13.5(14.4) Short Blades
 - Level 10.0(13.4) Long Blades
 + Level 17.1 Axes
 + Level 17.0 Armour
 + Level 15.7 Dodging
 + Level 17.3 Shields


You had 16 spell levels left.
You knew the following spells:

 Your Spells              Type           Power        Failure   Level  Hunger
a - Summon Butterflies    Summ           #.......     100%        1    ##.....
b - Apportation           Tloc           #.........   100%        1    ##.....


Dungeon Overview and Level Annotations

Branches:
Dungeon (15/15)            Temple (1/1) D:4            Lair (8/8) D:10
  Swamp (4/4) Lair:3       Spider (4/4) Lair:3        Slime (4/6) Lair:7
    Orc (2/2) D:12            Elf (0/3) Orc:2        Vaults (2/5) D:13
 Depths (0/5) D:15
  Crypt: Vaults:2-3

Altars:
Ashenzari
Cheibriados
Dithmenos
Elyvilon
Fedhas
Gozag
Kikubaaqudgha
Nemelex Xobeh
Okawaru
Pakellas
Qazlal
Ru
Sif Muna
Trog
Vehumet
Xom
Yredelemnul
Zin
The Shining One
Beogh
Jiyva

Shops:
D:7 }   D:8 (   D:10 :   D:11 (   Orc:2 ?===*

Annotations:
Swamp:2 exclusion: Roxanne, Roxanne
Vaults:2 Jory


Innate Abilities, Weirdness & Mutations

You reflexively headbutt those who attack you in melee.
You have a pair of horns on your head.
You are partially covered in large bone plates (AC +2, SH +2).
You possess an exceptional clarity of mind.
Armour fits poorly on your strangely shaped body.
You are dopey. (Int -2)
You are frail (-10% HP).
Your magical capacity is very low (-20% MP).
You occasionally shout uncontrollably at your foes.
You are weak. (Str -2)


Message History

Jory draws life force from you and is healed!
You hit Jory.
There is a sudden explosion of sparks!
Jory is severely damaged.
You block Jory's attack. Jory bites you but does no damage.
Your shield and crystal plate armour of the Hidden Suns prevent you from hitting Jory.
You headbutt Jory.
Jory is severely damaged.
You slice Jory!! Your headbutt misses Jory.
Jory is almost destroyed.
Jory gestures at you while chanting. The crystal spear hits you!
You closely miss Jory. Your headbutt misses Jory.
Jory is almost destroyed.
Jory is infused with unholy energy.
* * * LOW HITPOINT WARNING * * *
Jory draws life force from you and is healed!
You completely miss Jory.
Jory is severely damaged.
Jory is infused with unholy energy.
You die...

#####+#######.....
............#....########
............#....#.......
............#....#.......
............#....#.......
.....[......#....#...>...
...††<†.!...#....#[......
.....)).....#....V.......
.......)....'...@#########
............#......$......
#'#'#########.............
#......# #.............
#......# #........$....
#......# #.............
#......# #.............
#......# #########+####
#......#


You could see Jory.

Vanquished Creatures
  Saint Roka (Vaults:2)
  A bone dragon (Abyss:1)
  Nikola (Swamp:4)
  Arachne (Spider:4)
  4 acid blobs
  A thorn hunter (Swamp:4)
  2 tentacled starspawn (Abyss:1)
  A frost giant (Vaults:1)
  Maud (Lair:4)
  8 azure jellies
  4 emperor scorpions
  7 ghost moths
  An orc warlord (D:12)
  An ironheart preserver (Vaults:1)
  A mottled draconian (Abyss:1)
  2 spark wasps (Spider:4)
  4 vault guards (D:13)
  4 great orbs of eyes
  A fire dragon (D:14)
  Erolcha (D:10)
  24 hydras
  Josephine (D:11)
  An ice dragon (Vaults:1)
  5 entropy weavers
  5 ghost crabs
  13 alligators
  3 centaur warriors
  3 death knights
  9 death yaks
  3 tengu warriors (D:15)
  Urug (D:10)
  7 spriggans
  Sonja (D:13)
  6 skeletal warriors
  A wretched star (Abyss:1)
  A spriggan druid (Swamp:4)
  9 hill giants
  A wizard (D:15)
  4 shambling mangroves
  2 unseen horrors
  8 swamp dragons
  A phantasmal warrior (D:15)
  Pikel (D:8)
  16 orb spiders
  5 orc knights
  A necromancer (D:15)
  6 griffons
  22 wolf spiders
  3 deep elf magi
  4 shining eyes
  A mana viper (shapeshifter) (D:15)
  12 orc sorcerers
  21 ugly things
  7 hornets
  A moth of wrath (Spider:4)
  6 cyclopes
  A sixfirhy (Abyss:1)
  5 centaur zombies
  A worldbinder (Abyss:1)
  A water nymph (shapeshifter) (Vaults:1)
  A smoke demon (Abyss:1)
  A black mamba (shapeshifter) (D:13)
  Joseph (D:9)
  2 vault sentinels (Vaults:1)
  4 black mambas
  2 eyes of devastation
  A torpor snail (Lair:8)
  An orange demon (Abyss:1)
  2 gargoyles (D:11)
  4 rime drakes
  6 yaktaurs (Vaults:1)
  6 kobold demonologists
  2 freezing wraiths
  27 spiny frogs
  9 demonic crawlers
  7 komodo dragons
  A redback zombie (D:15)
  A tengu conjurer (D:15)
  A polar bear (Lair:7)
  3 large abominations (Abyss:1)
  9 trolls
  22 jumping spiders
  An ancient zyme (Abyss:1)
  7 two-headed ogres
  A queen bee (D:8)
  A polar bear (shapeshifter) (Vaults:1)
  A two-headed ogre (shapeshifter) (Vaults:1)
  A hornet zombie (D:15)
  Grinder (D:3)
  6 giant leeches
  8 bog bodies
  90 slime creatures
  18 blink frogs
  A boulder beetle (Vaults:1)
  4 raiju
  2 flying skulls (D:11)
  44 tarantellas
  83 redbacks
  A spriggan (shapeshifter) (Vaults:1)
  A water elemental (D:12)
  47 yaks
  6 shadows
  A vampire (D:12)
  5 wyverns
  A ynoxinul (Abyss:1)
  3 wraiths
  10 golden eyes
  A human (shapeshifter) (D:14)
  32 vampire mosquitoes
  12 basilisks
  11 hippogriffs
  A hippogriff (shapeshifter) (Abyss:1)
  12 wargs
  A harpy simulacrum (D:15)
  6 insubstantial wisps (Swamp:2)
  A soldier ant (D:13)
  A mottled dragon (D:13)
  24 swamp worms
  12 water moccasins
  10 porcupines
  14 swamp drakes
  4 eyes of draining
  14 wasps
  Purgy (Sewer)
  A sky beast (D:12)
  3 necrophages (D:11)
  18 ogres
  25 orc warriors
  2 black bears
  2 ice beasts
  4 phantoms
  4 centaurs
  16 crocodiles
  11 wolves
  3 boggarts (Vaults:1)
  8 big kobolds
  32 giant frogs
  A gnoll sergeant (D:12)
  2 wyvern zombies (D:13)
  A glowing shapeshifter simulacrum (Vaults:1)
  5 small abominations (Abyss:1)
  An ogre simulacrum (Vaults:1)
  A water moccasin zombie (D:11)
  A wyvern skeleton (D:6)
  4 scorpions
  A water moccasin skeleton (D:11)
  35 killer bees
  12 wights
  7 howler monkeys
  9 electric eels
  8 crimson imps
  3 giant frog zombies
  A quasit (D:11)
  3 hounds
  14 jellies
  11 orc priests
  10 centaur skeletons
  4 giant frog skeletons (D:11)
  6 iguanas
  Ijyb (D:3)
  Terence (D:3)
  40 orc wizards
  16 worker ants
  2 killer bee zombies
  11 sheep
  A hound zombie (D:11)
  5 hound skeletons
  A worker ant zombie (D:11)
  12 gnolls
  A howler monkey skeleton (D:11)
  13 adders
  74 river rats
  A shadow imp (D:12)
  A white imp (Abyss:1)
  An ooze (D:6)
  A dart slug (D:4)
  10 giant geckos
  95 orcs
  A ball python (D:6)
  16 bats
  11 giant cockroaches
  3 goblins
  4 hobgoblins
  21 jackals
  6 quokkas
  3 giant newts
  16 kobolds
  A quokka skeleton (D:5)
  5 rats
  7 briar patches (Swamp:4)
  4 fungi
  3 plants
1541 creatures vanquished.

Vanquished Creatures (collateral kills)
  A spark wasp (Spider:4)
  An orb spider (Spider:4)
2 creatures vanquished.

Vanquished Creatures (others)
  A necromancer (D:11)
  A naga mage (Spider:4)
  A jumping spider (Spider:1)
  A slime creature (Swamp:4)
  A tarantella (Spider:1)
  4 slaves (D:8)
  A killer bee (D:8)
  An orc wizard (D:8)
  3 orcs
  A giant cockroach (D:8)
  A quokka (D:8)
  2 briar patches (Swamp:4)
  23 fungi
  7 plants
  4 starspawn tentacles (Abyss:1)
52 creatures vanquished.

Grand Total: 1595 creatures vanquished

Notes
Turn   | Place    | Note
--------------------------------------------------------------
     0 | D:1      | Quirk the Minotaur Fighter began the quest for the Orb.
     0 | D:1      | Reached XP level 1. HP: 19/19 MP: 0/0
    70 | D:1      | Reached XP level 2. HP: 26/27 MP: 1/1
   360 | D:1      | Reached skill level 1 in Dodging
   402 | D:1      | Reached XP level 3. HP: 33/33 MP: 2/2
  1066 | D:3      | Found a shattered altar of Ashenzari.
  1081 | D:3      | Noticed Grinder
  1204 | D:3      | Killed Grinder
  1204 | D:3      | Reached XP level 4. HP: 17/41 MP: 3/3
  1204 | D:3      | Reached XP level 5. HP: 20/47 MP: 4/4
  1294 | D:3      | Noticed Ijyb
  1301 | D:3      | Killed Ijyb
  1301 | D:3      | Reached skill level 5 in Fighting
  1301 | D:3      | Reached XP level 6. HP: 42/56 MP: 5/5
  1304 | D:3      | Found a sparkling altar of Nemelex Xobeh.
  1423 | D:3      | Found a shadowy altar of Dithmenos.
  1504 | D:3      | Found a shadowy altar of Dithmenos.
  1579 | D:3      | Found a glowing drain.
  1587 | D:3      | Reached skill level 5 in Armour
  1608 | Sewer    | Entered a sewer
  1634 | Sewer    | Noticed Purgy
  1642 | Sewer    | Killed Purgy
  1734 | D:3      | Noticed Terence
  1744 | D:3      | Killed Terence
  1744 | D:3      | Reached skill level 5 in Shields
  1932 | D:4      | Found a glowing silver altar of Zin.
  2015 | D:4      | Found a staircase to the Ecumenical Temple.
  2019 | Temple   | Entered the Ecumenical Temple
  2199 | Temple   | Became a worshipper of Warmaster Okawaru
  2473 | D:4      | Reached XP level 7. HP: 59/61 MP: 6/6
  2608 | D:5      | Entered Level 5 of the Dungeon
  3237 | D:5      | Got a wavering lapis lazuli ring
  3266 | D:5      | Identified the ring of Dishonesty {rF+ rC+ Dex+3} (You found it on level 5 of the Dungeon)
  3309 | D:5      | Reached skill level 5 in Axes
  3696 | D:6      | Reached * piety under Okawaru
  3845 | D:6      | Reached XP level 8. HP: 70/70 MP: 7/7
  3935 | D:6      | Found a stormy altar of Qazlal.
  4270 | D:7      | Found a blossoming altar of Fedhas.
  4345 | D:7      | Got a steaming crystal amulet
  4353 | D:7      | Identified the amulet of Moevvin {Regen+ Dex+2} (You found it on level 7 of the Dungeon)
  4689 | D:7      | Found Yrioqeyxt's Gadget Shop.
  4860 | D:7      | Reached ** piety under Okawaru
  4901 | D:7      | Reached skill level 5 in Dodging
  4940 | D:8      | Learned a level 1 spell: Summon Butterflies
  4942 | D:8      | Learned a level 1 spell: Apportation
  4945 | D:8      | Found Batit's Weapon Shoppe.
  5070 | D:8      | Noticed Pikel
  5092 | D:8      | Killed Pikel
  5092 | D:8      | Reached XP level 9. HP: 77/79 MP: 8/8
  5195 | D:8      | Found a sacrificial altar of Ru.
  5606 | D:8      | Reached *** piety under Okawaru
  5645 | D:8      | Found a radiant altar of Vehumet.
  5909 | D:8      | Noticed a queen bee
  5914 | D:8      | Killed a queen bee
  6106 | D:8      | Reached XP level 10. HP: 90/90 MP: 9/9
  6134 | D:9      | Reached **** piety under Okawaru
  6747 | D:10     | Entered Level 10 of the Dungeon
  6754 | D:10     | Noticed Joseph
  6757 | D:10     | Noticed a death knight
  6772 | D:9      | Killed Joseph
  6789 | D:10     | Killed a death knight
  6956 | D:10     | Reached ***** piety under Okawaru
  6980 | D:10     | Got an encrusted falchion
  6996 | D:10     | Identified the +4 falchion of Hatred {flame, rC++ Int+4} (You found it on level 10 of the Dungeon)
  7023 | D:10     | Found a staircase to the Lair.
  7024 | D:10     | Found Azxaelam's Book Shoppe.
  7234 | D:10     | Noticed Urug
  7249 | D:10     | Killed Urug
  7674 | D:10     | Reached skill level 10 in Fighting
  7757 | D:10     | Noticed Erolcha
  7773 | D:10     | Killed Erolcha
  7773 | D:10     | Received a gift from Okawaru
  7773 | D:10     | Reached XP level 11. HP: 66/99 MP: 10/10
  7866 | Lair:1   | Entered Level 1 of the Lair of Beasts
  7983 | Lair:1   | Reached skill level 10 in Armour
  7997 | Lair:1   | Received a gift from Okawaru
  8038 | Lair:1   | Reached skill level 10 in Axes
  8143 | Lair:1   | Reached skill level 10 in Shields
  8785 | Lair:2   | Got an ancient dagger
  8794 | Lair:2   | Identified the +8 dagger of Summer {flame, MP+9 Dex+4} (You found it on level 2 of the Lair of Beasts)
  9124 | Lair:2   | Noticed a griffon
  9133 | Lair:2   | Killed a griffon
  9133 | Lair:2   | Reached ****** piety under Okawaru
  9133 | Lair:2   | Reached skill level 1 in Short Blades
  9133 | Lair:2   | Reached skill level 1 in Long Blades
  9138 | Lair:2   | Identified a scroll of acquirement
  9504 | Lair:3   | Found a hole to the Spider Nest.
  9668 | Lair:3   | Gained mutation: You are partially covered in large bone plates (AC +2, SH +2). [potion of beneficial mutation]
  9669 | Lair:3   | Gained mutation: You possess an exceptional clarity of mind. [potion of beneficial mutation]
  9788 | Lair:3   | Found a staircase to the Swamp.
  9877 | Lair:3   | Noticed an eight-headed hydra
  9907 | Lair:3   | Killed an eight-headed hydra
  9907 | Lair:3   | Reached XP level 12. HP: 62/108 MP: 11/11
 10304 | Lair:3   | Received a gift from Okawaru
 10580 | Lair:4   | Noticed Maud
 10593 | Lair:4   | Killed Maud
 10593 | Lair:4   | Reached skill level 10 in Dodging
 11636 | Lair:5   | Noticed a six-headed hydra
 11642 | Lair:5   | Killed a six-headed hydra
 12009 | Lair:6   | Reached skill level 5 in Long Blades
 12010 | Lair:6   | Received a gift from Okawaru
 12975 | Lair:7   | Noticed an eight-headed hydra
 12976 | Lair:7   | Reached XP level 13. HP: 87/117 MP: 12/12
 13054 | Lair:7   | Received a gift from Okawaru
 13057 | Lair:7   | Got a pair of polished boots {god gift}
 13063 | Lair:7   | Identified the +2 pair of boots of Hotuofy {Str+4 SInv} (Okawaru gifted it to you on level 7 of the Lair of Beasts)
 13087 | Lair:7   | Reached skill level 5 in Short Blades
 13375 | Lair:7   | Found a staircase to the Slime Pits.
 13730 | Lair:7   | Got an ivory whip
 13731 | Lair:7   | Identified the +2 whip "Atzuapup" {slash, +Blink rN++ Int-2 Dex+8} (You found it on level 7 of the Lair of Beasts)
 13907 | Lair:8   | Entered Level 8 of the Lair of Beasts
 14027 | Lair:8   | Got a flickering granite ring
 14030 | Lair:8   | Identified the ring of Noon {rPois rF+ AC+2 Int+2 Dex-2} (You found it on level 8 of the Lair of Beasts)
 14084 | Lair:8   | Received a gift from Okawaru
 14441 | Lair:8   | Reached XP level 14. HP: 127/127 MP: 13/13
 14564 | Lair:8   | Received a gift from Okawaru
 15195 | D:11     | Found a shimmering altar of Xom.
 15575 | D:11     | Noticed Josephine
 15675 | D:11     | Killed Josephine
 15885 | D:11     | Found Qufradgh's Antique Weapon Emporium.
 16479 | D:12     | Found a staircase to the Orcish Mines.
 16490 | D:12     | Received a gift from Okawaru
 16530 | D:12     | Got a pair of faintly humming gloves {god gift}
 16541 | D:12     | Identified the +2 pair of gloves of the Old World {Str+7 Slay+2} (Okawaru gifted it to you on level 12 of the Dungeon)
 17487 | D:13     | Found a flagged portal.
 17490 | D:13     | Noticed Sonja
 17505 | D:13     | Cast into level 1 of the Abyss (Sonja)
 17506 | Abyss:1  | Found a corrupted altar of Lugonu.
 17739 | Abyss:1  | Found a corrupted altar of Lugonu.
 17777 | Abyss:1  | Noticed a tentacled starspawn
 17787 | Abyss:1  | Killed a tentacled starspawn
 17801 | Abyss:1  | Noticed a tentacled starspawn
 17807 | Abyss:1  | Killed a tentacled starspawn
 18009 | Abyss:1  | Noticed a bone dragon
 18033 | Abyss:1  | Killed a bone dragon
 18033 | Abyss:1  | Reached XP level 15. HP: 43/137 MP: 14/14
 18109 | D:13     | Escaped the Abyss
 18111 | D:13     | Killed Sonja
 18379 | D:13     | Found a gate to the Vaults.
 18404 | D:13     | Received a gift from Okawaru
 18460 | D:13     | Got a translucent chain mail {god gift}
 18570 | D:13     | Identified the +4 chain mail of Kleptomania {rPois SInv} (Okawaru gifted it to you on level 13 of the Dungeon)
 19613 | D:15     | Entered Level 15 of the Dungeon
 19776 | D:15     | Received a gift from Okawaru
 19779 | D:15     | Reached skill level 10 in Long Blades
 20072 | D:15     | Found a staircase to the Depths.
 20396 | D:15     | Got a fine dagger
 20761 | D:14     | Identified the +2 dagger "Livorol" {flame, rPois Int+4 Stlth+} (You found it on level 15 of the Dungeon)
 21021 | Orc:1    | Entered Level 1 of the Orcish Mines
 21123 | Orc:1    | Noticed an orc warlord
 21133 | Orc:1    | Reached XP level 16. HP: 107/147 MP: 15/15
 21502 | Orc:2    | Entered Level 2 of the Orcish Mines
 21502 | Orc:2    | Found a staircase to the Elven Halls.
 22159 | Orc:2    | Found Poafug's Magic Scroll Emporium.
 22159 | Orc:2    | Found Gyudey's Jewellery Shop.
 22164 | Orc:2    | Bought a scroll of identify for 28 gold pieces
 22164 | Orc:2    | Bought a scroll of identify for 28 gold pieces
 22187 | Orc:2    | Found a roughly hewn altar of Beogh.
 22199 | Orc:2    | Received a gift from Okawaru
 22239 | Orc:2    | Found Muagien's Jewellery Emporium.
 22242 | Orc:2    | Found Nithri Fail's Jewellery Shop.
 22408 | Orc:2    | Found Zanukh's Off-Brand Ammunition.
 23111 | Swamp:1  | Entered Level 1 of the Swamp
 23194 | Swamp:1  | Received a gift from Okawaru
 23197 | Swamp:1  | Got a shimmering hand axe {god gift}
 23198 | Swamp:1  | Identified the +2 hand axe "Biunin" {chop, Str+2 SInv} (Okawaru gifted it to you on level 1 of the Swamp)
 23313 | Swamp:1  | Reached skill level 10 in Short Blades
 23889 | Swamp:2  | You fall through a shaft!
 24153 | Swamp:3  | Reached skill level 15 in Fighting
 24441 | Swamp:2  | Received a gift from Okawaru
 24464 | Swamp:2  | Noticed Roxanne
 24478 | Swamp:2  | Reached skill level 15 in Shields
 25176 | Swamp:3  | Reached skill level 15 in Axes
 25228 | Swamp:3  | Reached skill level 15 in Armour
 25556 | Swamp:4  | Entered Level 4 of the Swamp
 25795 | Swamp:4  | Noticed Nikola
 26206 | Swamp:4  | Reached XP level 17. HP: 144/156 MP: 16/16
 26489 | Swamp:3  | Received a gift from Okawaru
 26804 | Swamp:4  | Killed Nikola
 27385 | Swamp:4  | Got a decaying rune of Zot
 27697 | Swamp:1  | Received a gift from Okawaru
 27703 | Swamp:1  | Got a slimy crystal plate armour {god gift}
 27715 | Swamp:1  | Identified the +4 crystal plate armour of the Hidden Suns {Dex+3} (Okawaru gifted it to you on level 1 of the Swamp)
 27790 | Spider:1 | Entered Level 1 of the Spider Nest
 29617 | Spider:2 | Got a brightly glowing long sword
 29619 | Spider:2 | Identified the +4 long sword "String" {venom, rElec} (You found it on level 2 of the Spider Nest)
 29817 | Spider:3 | Received a gift from Okawaru
 29929 | Spider:3 | Got a polished hat
 29935 | Spider:3 | Identified the +0 hat of Debuf {+Blink rElec Str-3 Slay+4} (You acquired it on level 3 of the Spider Nest)
 30185 | Spider:3 | Reached XP level 18. HP: 157/166 MP: 4/17
 30407 | Spider:4 | Entered Level 4 of the Spider Nest
 30642 | Spider:4 | Hired Weuneus the naga for 158 gold.
 30766 | Spider:4 | Your ally Weuneus died
 30775 | Spider:4 | Noticed Arachne
 30800 | Spider:4 | Killed Arachne
 30891 | Spider:4 | Received a gift from Okawaru
 30991 | Spider:4 | Reached skill level 15 in Dodging
 31255 | Spider:4 | Got a gossamer rune of Zot
 31530 | Lair:1   | Gained mutation: Armour fits poorly on your strangely shaped body. [helix card]
 31682 | Slime:1  | Entered Level 1 of the Pits of Slime
 31694 | Slime:1  | Gained mutation: You are weak. (Str -2) [a shining eye]
 31699 | Slime:1  | Gained mutation: You occasionally shout uncontrollably at your foes. [a shining eye]
 31701 | Slime:1  | Gained mutation: Your magical capacity is low (-10% MP). [a shining eye]
 32101 | Slime:2  | Found a viscous altar of Jiyva.
 32508 | Slime:2  | Received a gift from Okawaru
 32980 | Slime:4  | Gained mutation: You are dopey. (Int -2) [a shining eye]
 32985 | Slime:4  | Gained mutation: Your magical capacity is very low (-20% MP). [a shining eye]
 33017 | Slime:3  | Reached XP level 19. HP: 158/177 MP: 7/14
 33043 | Slime:4  | Gained mutation: You are frail (-10% HP). [a shining eye]
 34096 | Vaults:1 | Entered Level 1 of the Vaults
 35292 | Vaults:2 | Noticed Saint Roka
 35374 | Vaults:1 | Received a gift from Okawaru
 35377 | Vaults:1 | Got an encrusted rapier {god gift}
 35378 | Vaults:1 | Identified the +4 rapier of Malaan {antimagic, rN+ MR+ Int+3} (Okawaru gifted it to you on level 1 of the Vaults)
 35392 | Vaults:2 | Killed Saint Roka
 35464 | Vaults:2 | Noticed Jory
 35490 | Vaults:2 | Killed from afar by Jory

Skill      XL: |  1  2  3  4  5  6  7  8  9 10 11 12 13 14 15 16 17 18 19 |
---------------+----------------------------------------------------------+-----
Fighting       | 4 5 6 7 8 10 11 12 13 14 15 16 17 | 17.4
Dodging        | 1 2 3 4 5 6 8 9 10 11 12 13 14 15 | 15.7
Axes           | 3 4 5 7 8 9 10 11 12 13 14 15 16 17 | 17.1
Armour         | 4 5 6 7 8 9 10 11 12 13 14 15 16 17 | 17.0
Shields        | 4 5 7 8 9 10 11 12 13 14 15 16 17 | 17.3
Short Blades   | 2 4 6 8 9 10 12 13 | 13.5
Long Blades    | 3 5 7 9 10 | 10.0

Action                   |  1- 3 |  4- 6 |  7- 9 | 10-12 | 13-15 | 16-18 | 19-21 || total
-------------------------+-------+-------+-------+-------+-------+-------+-------++-------
Melee: War axe           |   128 |    84 |   266 |   456 |       |       |       ||   934
       Headbutt          |    16 |    17 |    64 |   177 |   410 |   442 |   105 ||  1231
       Dagger            |       |       |       |    13 |    20 |   107 |     4 ||   144
       Broad axe         |       |       |       |   129 |   715 |  1195 |   259 ||  2298
       Whip              |       |       |       |       |   359 |       |       ||   359
       Hand axe          |       |       |       |       |       |    12 |       ||    12
Evoke: Wand              |       |       |       |     4 |     3 |     1 |     3 ||    11
       Deck              |       |       |       |       |       |     3 |       ||     3
  Use: Scroll            |       |     7 |     7 |    23 |    11 |    15 |       ||    63
       Potion            |       |       |     1 |     3 |     2 |     1 |       ||     7
  Eat: Chunk             |     1 |     4 |    11 |    17 |    67 |    86 |     4 ||   190
       Pizza             |       |       |     1 |     5 |       |     1 |       ||     7
       Beef jerky        |       |       |       |       |     4 |     3 |       ||     7
       Royal jelly       |       |       |       |       |       |    10 |       ||    10
Armor: Scale mail        |    83 |     7 |    31 |   153 |       |       |       ||   274
       Leather armour    |       |    19 |    43 |       |       |       |       ||    62
       Plate armour      |       |       |       |    82 |   370 |   322 |       ||   774
       Crystal plate arm |       |       |       |       |       |   315 |    46 ||   361
Dodge: Dodged            |    50 |    48 |   148 |   293 |   631 |   727 |    29 ||  1926
Block: Shield            |    94 |    71 |   179 |   334 |   542 |       |       ||  1220
       Other             |       |       |       |    10 |    17 |       |       ||    27
       Buckler           |       |       |       |       |    64 |   642 |       ||   706
       Large shield      |       |       |       |       |       |   557 |   211 ||   768
